 Dungeon Crawl Stone Soup version 0.26-a0-667-g92642533e4 (console) character file.

Game seed: 1991701260817772067

1269 om the Conjurer (level 8, -1/57 HPs)
             Began as a Yellow Draconian Conjurer on Oct 17, 2020.
             Was a Follower of Vehumet.
             Killed by divine providence
             ... invoked by an orc priest
              (14 damage)
             ... on level 5 of the Dungeon.
             The game lasted 00:16:49 (7873 turns).

om the Conjurer (Yellow Draconian Conjurer)         Turns: 7873, Time: 00:16:50

Health: -1/57      AC:  6    Str: 15    XL:     8   Next: 28%
Magic:  12/12      EV: 14    Int: 18    God:    Vehumet [*.....]
Gold:   144        SH:  0    Dex: 11    Spells: 8/13 levels left

rFire    . . .     SeeInvis .   d - +7 dagger of Sulenun {vorpal, Str+4}
rCold    . . .     Faith    .   (no shield)
rNeg     . . .     Spirit   .   (armour unavailable)
rPois    .         Reflect  .   (helmet restricted)
rElec    .         Harm     .   (no cloak)
rCorr    +         Rampage  .   (no gloves)
MR       .....                  (no boots)
Stlth    +.........             (no amulet)
HPRegen  0.19/turn              (no ring)
MPRegen  0.13/turn              (no ring)

@: confused, short of breath
A: spit acid, unfitting armour, cold-blooded, acid resistance, AC +6
a: Breathe Acid, Renounce Religion


You were on level 5 of the Dungeon.
You worshipped Vehumet.
Vehumet was aware of your devotion.
You visited 1 branch of the dungeon, and saw 5 of its levels.

You collected 144 gold pieces.

Inventory:

Hand Weapons
 d - the +7 dagger of Sulenun (weapon) {vorpal, Str+4}
   (You found it on level 4 of the Dungeon)

   It inflicts extra damage upon your enemies.
   It affects your strength (+4).
Wands
 h - a wand of iceblast (8)
Scrolls
 b - a scroll of enchant armour {unknown}
 c - a scroll of teleportation
 f - 2 scrolls of fog
 g - 3 scrolls of fear
 i - 3 scrolls of enchant weapon
 j - 2 scrolls of remove curse
 k - a scroll of amnesia
Potions
 a - 3 potions of magic
 e - 5 potions of curing
 m - a potion of lignification
 n - a potion of berserk rage {unknown}


   Skills:
 * Level 4.1 Short Blades
 * Level 5.6 Dodging
 - Level 4.0 Stealth
 - Level 3.0 Spellcasting
 - Level 6.0 Conjurations
 + Level 0.1 Ice Magic
 + Level 2.3 Air Magic


You had 8 spell levels left.
You knew the following spells:

 Your Spells              Type           Power        Failure   Level
a - Magic Dart            Conj           ###.         1%          1
b - Searing Ray           Conj           ###...       1%          2
c - Shock                 Conj/Air       ###.         3%          1
d - Freeze                Ice            #...         16%         1

Your spell library contained the following spells:

 Spells                   Type           Power        Failure   Level
 Dazzling Flash           Conj/Hex       ##....       14%         3
 Confusing Touch          Hex            #.......     43%         3
 Gell's Gravitas          Tloc           #.........   43%         3
 Fulminant Prism          Conj/Hex       ##........   43%         4
 Iskenderun's Mystic Bla  Conj/Tloc      ##......     43%         4
 Petrify                  Tmut/Erth      #.......     85%         4
 Metabolic Englaciation   Hex/Ice        #.........   99%         5
 Yara's Violent Unravell  Hex/Tmut       #.........   99%         5


Dungeon Overview and Level Annotations

Branches:
Dungeon (5/15)             Temple (0/1) D:5

Altars:
Ashenzari
Dithmenos
Elyvilon
Fedhas
Kikubaaqudgha
Makhleb
Okawaru
Vehumet
Wu Jian
The Shining One


Innate Abilities, Weirdness & Mutations

You can spit globs of acid.
Your golden yellow scales are hard. (AC +6)
You cannot fit into any form of body armour.
You are cold-blooded and may be slowed by cold attacks.
You are resistant to acid. (rCorr)


Message History

You are confused.
You bump into the rock wall.
The orc priest looks satisfied for a moment.
You're too confused to cast spells.
You bump into the rock wall.
The orc barely misses you.
You're too confused to move!
The orc priest mumbles some strange prayers to Beogh against you.
Beogh smites you!
You're too confused to cast spells.
You bump into the rock wall.
The orc closely misses you.
The orc priest calls down the wrath of Beogh upon you.
Beogh smites you!
You puncture the orc wizard!
Your tail-slap misses the orc wizard.
The orc wizard is heavily wounded.
The orc hits you but does no damage.
The orc wizard hits you with a +0 dagger.
* * * LOW HITPOINT WARNING * * *
The orc priest mumbles some strange prayers to Beogh against you.
Beogh smites you!
You die...

#........##^............
#....... #........#.....
#....... #.......##.....
#....... ........##.....
#......# #.......#......
#......######......#.#.#
#....oo##.....#......#.#
#....oo##...........).).
######o@.....#......).##
####............##
#....##......#
#....##......#
#....##.<....#
#######......# ########


You could see an orc priest (corroded), an orc wizard and 3 orcs.

Vanquished Creatures
  A water moccasin (D:5)
  A phantom (D:4)
  3 ogres
  A scorpion (D:5)
  4 wights (D:5)
  A howler monkey (D:4)
  A centaur zombie (D:5)
  A centaur skeleton (D:5)
  3 iguanas
  3 orc wizards
  Natasha (thrice) (D:3)
  A worker ant (D:4)
  2 hound skeletons
  3 gnolls
  8 adders
  2 shadow imps
  An ufetubus (D:5)
  An ooze (D:2)
  An adder zombie (D:3)
  3 worms
  2 leopard geckos (D:3)
  12 orcs
  5 giant cockroaches
  6 goblins
  5 hobgoblins
  7 jackals
  6 kobolds
  A quokka (D:5)
  3 ball pythons
  A ball python zombie (D:5)
  4 bats
  6 frilled lizards
  A leopard gecko skeleton (D:4)
  A leopard gecko zombie (D:5)
  8 rats
112 creatures vanquished.

Notes
Turn   | Place    | Note
-------+----------+-------------------------------------------
     0 | D:1      | om the Draconian Conjurer began the quest for the Orb.
     0 | D:1      | Reached XP level 1. HP: 14/14 MP: 3/3
   486 | D:1      | Reached XP level 2. HP: 10/20 MP: 3/5
  1025 | D:1      | Learned a level 2 spell: Searing Ray
  1107 | D:1      | You fall into a shaft and drop 1 floor!
  1293 | D:2      | Reached XP level 3. HP: 26/26 MP: 6/6
  1338 | D:2      | Found a blossoming altar of Fedhas.
  1782 | D:2      | Found a broken altar of Ashenzari.
  1787 | D:2      | Found an ornate altar of the Wu Jian Council.
  1794 | D:2      | Found an ancient bone altar of Kikubaaqudgha.
  1799 | D:2      | Found a radiant altar of Vehumet.
  1810 | D:2      | Became a worshipper of Vehumet
  1831 | D:2      | Found a white marble altar of Elyvilon.
  1854 | D:2      | Found an iron altar of Okawaru.
  1865 | D:2      | Found a glowing golden altar of the Shining One.
  2429 | D:2      | Found a shadowy altar of Dithmenos.
  2676 | D:2      | Reached XP level 4. HP: 33/33 MP: 3/7
  3120 | D:3      | Noticed Natasha
  3327 | D:3      | Killed Natasha
  3700 | D:2      | Reached XP level 5. HP: 17/38 MP: 1/8
  3998 | D:3      | Reached skill level 5 in Conjurations
  4250 | D:3      | Noticed Natasha
  4258 | D:3      | Killed Natasha
  4399 | D:3      | Reached * piety under Vehumet
  4399 | D:3      | Offered knowledge of Shock by Vehumet.
  4402 | D:3      | Learned a level 1 spell: Shock
  4695 | D:3      | Noticed Natasha
  4702 | D:3      | Killed Natasha
  5280 | D:3      | Reached XP level 6. HP: 42/45 MP: 6/10
  5648 | D:4      | Got a crystal dagger
  5649 | D:4      | Identified the +7 dagger of Sulenun {vorpal, Str+4} (You
                  | found it on level 4 of the Dungeon)
  5694 | D:4      | You fall into a shaft and drop 1 floor!
  5694 | D:5      | Entered Level 5 of the Dungeon
  6002 | D:4      | Reached skill level 1 in Short Blades
  6002 | D:4      | Your scales start taking on a golden yellow colour.
  6002 | D:4      | Reached XP level 7. HP: 50/50 MP: 7/11
  6002 | D:4      | Gained mutation: You are resistant to acid. (rCorr) [Yellow
                  | Draconian growth]
  6398 | D:4      | Reached skill level 6 in Conjurations
  6994 | D:5      | Found a burning altar of Makhleb.
  7048 | D:5      | Found a staircase to the Ecumenical Temple.
  7119 | D:5      | Reached skill level 1 in Air Magic
  7255 | D:5      | Reached skill level 5 in Dodging
  7566 | D:5      | Reached XP level 8. HP: 57/57 MP: 9/12
  7761 | D:5      | Offered knowledge of Freeze by Vehumet.
  7771 | D:5      | Learned a level 1 spell: Freeze
  7873 | D:5      | Killed from afar by an orc priest

Illustrated notes

Levels and vault maps discovered:
D:1:      ebering_trefoil_3fold, layout_basic, minivault_19, tso_metal_star
D:2:      layout_loops_ring, nicolae_overflow_crystal_walls,
          lemuel_doored_altar, grunt_temple_overflow_octagram
D:3:      layout_rooms, uniq_natasha
D:4:      layout_gridville
D:5:      layout_rooms, temple_hall, basic_altar, kennysheep_generic_room_14

Skill      XL: |  1  2  3  4  5  6  7  8 |
---------------+-------------------------+-----
Dodging        | 2 3 4 5 |  5.6
Stealth        | 2 3 4 |  4.0
Conjurations   | 5 6 |  6.0
Spellcasting   | 3 |  3.0
Short Blades   | 1 3 4 |  4.1
Air Magic      | 1 2 |  2.3
Ice Magic      | |  0.1

Action                   |  1- 3 |  4- 6 |  7- 9 || total
-------------------------+-------+-------+-------++-------
Melee: Short sword       |    68 |    65 |       ||   133
       Dagger            |     4 |    19 |    46 ||    69
       Tailslap          |     5 |     9 |     6 ||    20
 Cast: Magic Dart        |    35 |    25 |    21 ||    81
       Searing Ray       |     6 |    18 |     7 ||    31
 Abil: Breathe Acid      |       |       |     6 ||     6
  Use: Scroll            |     4 |     3 |     4 ||    11
 Stab: Sleeping          |       |       |     1 ||     1
Armor: Skin              |    20 |    37 |     7 ||    64
Dodge: Dodged            |    61 |    62 |    39 ||   162

Table legend: (Time is in decaauts)
 A = Elapsed time spent in this place.
 B = Non-inter-level travel time spent in this place.
 C = Inter-level travel time spent in this place.
 D = Time resting spent in this place.
 E = Time spent auto-exploring this place.
 F = Levels seen in this place.
 G = Mean time per level.
                   A        B        C        D        E       F      G
               +--------+--------+--------+--------+--------+-----+--------+
         Total |   7891 |   7769 |    122 |   4368 |   2419 |   5 | 1578.2 |
       Dungeon |   7891 |   7769 |    122 |   4368 |   2419 |   5 | 1578.2 |
               +--------+--------+--------+--------+--------+-----+--------+

Top non-repeatable levels by time:
     D:2: 2757 daAuts
     D:3: 1643 daAuts
     D:4: 1342 daAuts
     D:1: 1109 daAuts
     D:5: 1039 daAuts
